 Dungeon Crawl Stone Soup version 0.23-a0-644-gb60d84b (webtiles) character file.

177 Firecrotchwizard the Magician (level 5, 0/28 HPs)
             Began as a Deep Elf Fire Elementalist on Jan 1, 2019.
             Slain by Ijyb
             ... wielding a +0 dagger
              (2 damage)
             ... on level 3 of the Dungeon.
             The game lasted 00:08:45 (4381 turns).

Firecrotchwizard the Magician (DEFE)                Turns: 4381, Time: 00:08:45

Health: 0/28       AC:  2    Str:  5    XL:     5   Next: 31%
Magic:  0/13       EV: 13    Int: 21    God:
Gold:   167        SH:  0    Dex: 15    Spells: 8/12 levels left

rFire    . . .     SeeInvis .   b - +2 dagger (speed)
rCold    . . .     Gourm    .   (no shield)
rNeg     . . .     Faith    .   a - +0 robe
rPois    .         Spirit   .   (no helmet)
rElec    .         Reflect  .   (no cloak)
rCorr    .         Harm     .   (no gloves)
MR       .....                  (no boots)
Stlth    +++.......             (no amulet)
HPRegen  0.09/turn              (no ring)
MPRegen  0.13/turn              (no ring)

@: no status effects
A: no striking features
a: no special abilities


You were on level 3 of the Dungeon.
You were not hungry.

You visited 1 branch of the dungeon, and saw 3 of its levels.

You collected 167 gold pieces.

Inventory:

Hand Weapons
 b - a +2 dagger of speed (weapon)
   (You found it on level 3 of the Dungeon)
 g - a +0 dagger
   (You took it off a kobold on level 1 of the Dungeon)
 p - a +0 hunting sling
   (You took it off a goblin on level 3 of the Dungeon)
Missiles
 n - 2 throwing nets {=f, !d}
 o - 37 sling bullets
Armour
 a - a +0 robe (worn)
 u - a +0 cloak
   (You found it on level 3 of the Dungeon)
Jewellery
 e - an uncursed amulet of guardian spirit {Spirit}
   (You found it on level 1 of the Dungeon)
 q - an uncursed ring of see invisible {unknown}
   (You found it on level 3 of the Dungeon)
Scrolls
 d - 5 scrolls of identify
 f - 4 scrolls of teleportation {unknown}
 i - 3 scrolls of remove curse
 k - 2 scrolls of fog {unknown}
 t - a scroll of random uselessness {unknown}
Potions
 h - 2 potions of degeneration {unknown}
 j - a potion of invisibility {unknown}
 l - a potion of berserk rage {unknown}
 m - a potion of mutation {unknown}
 r - a potion of heal wounds
Comestibles
 c - 3 rations


   Skills:
 - Level 2.4 Dodging
 + Level 3.8 Stealth
 + Level 4.3 Spellcasting
 * Level 3.7 Conjurations
 + Level 4.1 Fire Magic


You had 8 spell levels left.
You knew the following spells:

 Your Spells              Type           Power        Failure   Level  Hunger
a - Flame Tongue          Conj/Fire      ###..        2%          1    None
c - Conjure Flame         Conj/Fire      ###.....     7%          3    ##.....

Your spell library contained the following spells:

 Spells                   Type           Power        Failure   Level  Hunger
 Throw Flame              Conj/Fire      ###...       3%          2    #......
 Confusing Touch          Hex            #.....       12%         1    None
 Inner Flame              Hex/Fire       ##......     16%         3    ##.....
 Sticky Flame             Conj/Fire      ###.....     22%         4    ####...
 Confuse                  Hex            #.......     34%         3    ##.....
 Gell's Gravitas          Tloc           #.........   34%         3    ##.....
 Fireball                 Conj/Fire      ###.......   54%         5    ######.
 Petrify                  Tmut/Erth      #.......     75%         4    ####...
 Metabolic Englaciation   Hex/Ice        #.........   97%         5    ######.
 Yara's Violent Unravell  Hex/Tmut       #.........   97%         5    ######.


Dungeon Overview and Level Annotations

Branches:
Dungeon (3/15)

Altars:
Elyvilon

Annotations:
D:3 Ijyb


Message History

a +0 blowgun; a +0 short sword; 4 poisoned needles; a kobold corpse
u - a cloak
Found a stone staircase leading down.
Health restored: 28 No target in view!
No target in view!
There is an open door here.
o - 37 sling bullets (gained 17)
There is an open door here.
Found a stone staircase leading down.
No target in view!
Eating a chunk of flesh {@w0}.
You eat the chunk of flesh {@w0}.
You enter the shallow water.
Moving in this stuff is going to be slow.
You open the door.
There is an open door here.
There is an open door here.
Ijyb is too close now for your liking.
Ijyb is nearby!
A hobgoblin comes into view. It is wielding a +0 club.
Ijyb shouts!
Ijyb drinks a potion.
Ijyb suddenly seems more agile.
You can't see any susceptible monsters within range! (Use Z to cast anyway.) Ijyb zaps a wand.
You resist with some effort.
Aim: Ijyb, wielding a +0 dagger, wearing a +0 scale mail of fire resistance and The flame tongue hits Ijyb.
Ijyb resists.
The hobgoblin shouts!
You now have 12/13 mp.
Aim: Ijyb, wielding a +0 dagger, wearing a +0 scale mail of fire resistance and The flame tongue misses Ijyb.
You now have 11/13 mp.
Aim: Ijyb, wielding a +0 dagger, wearing a +0 scale mail of fire resistance and The flame tongue hits Ijyb.
Ijyb resists.
You now have 10/13 mp.
Aim: Ijyb, wielding a +0 dagger, wearing a +0 scale mail of fire resistance and The flame tongue misses Ijyb.
You now have 9/13 mp.
Aim: Ijyb, wielding a +0 dagger, wearing a +0 scale mail of fire resistance and The flame tongue hits Ijyb.
Ijyb resists.
You now have 8/13 mp.
Aim: Ijyb, wielding a +0 dagger, wearing a +0 scale mail of fire resistance and The flame tongue misses Ijyb.
Ijyb hits you with a +0 dagger.
You take 1 damage, and have 27/28 hp.
You now have 7/13 mp.
Aim: Ijyb, wielding a +0 dagger, wearing a +0 scale mail of fire resistance and The flame tongue hits Ijyb.
Ijyb appears unharmed.
Ijyb closely misses you. The hobgoblin closely misses you.
You now have 6/13 mp.
Aim: Ijyb, wielding a +0 dagger, wearing a +0 scale mail of fire resistance and The flame tongue misses Ijyb.
Ijyb closely misses you. The hobgoblin barely misses you.
Aim: Ijyb, wielding a +0 dagger, wearing a +0 scale mail of fire resistance and The flame tongue hits Ijyb.
Ijyb resists.
Ijyb barely misses you. The hobgoblin barely misses you.
You now have 5/13 mp.
Aim: Ijyb, wielding a +0 dagger, wearing a +0 scale mail of fire resistance and The flame tongue hits Ijyb.
Ijyb appears unharmed.
Ijyb barely misses you.
The hobgoblin hits you but does no damage.
You now have 4/13 mp.
Aim: Ijyb, wielding a +0 dagger, wearing a +0 scale mail of fire resistance and The flame tongue hits Ijyb.
Ijyb resists.
Ijyb hits you but does no damage. The hobgoblin hits you with a +0 club.
You take 2 damage, and have 25/28 hp.
You now have 3/13 mp.
Aim: Ijyb, wielding a +0 dagger, wearing a +0 scale mail of fire resistance and The flame tongue hits Ijyb.
Ijyb resists.
Ijyb hits you but does no damage. The hobgoblin hits you with a +0 club.
You take 5 damage, and have 20/28 hp.
You now have 2/13 mp.
Aim: Ijyb, wielding a +0 dagger, wearing a +0 scale mail of fire resistance and The flame tongue hits Ijyb.
Ijyb resists.
Ijyb hits you with a +0 dagger. The hobgoblin closely misses you.
You take 1 damage, and have 19/28 hp.
You now have 1/13 mp.
Aim: Ijyb, wielding a +0 dagger, wearing a +0 scale mail of fire resistance and The flame tongue hits Ijyb.
Ijyb appears unharmed.
Ijyb screams, "Get away!"
Ijyb hits you with a +0 dagger. The hobgoblin barely misses you.
You take 3 damage, and have 16/28 hp.
You now have 0/13 mp.
You barely miss Ijyb. Ijyb hits you with a +0 dagger.
You take 3 damage, and have 13/28 hp.
You hit Ijyb. The hobgoblin hits you with a +0 club. Ijyb barely misses you.
You take 2 damage, and have 11/28 hp.
You hit Ijyb. You barely miss Ijyb. Ijyb hits you but does no damage.
The hobgoblin hits you but does no damage.
You barely miss Ijyb. Ijyb hits you but does no damage.
The hobgoblin barely misses you.
Aim: Ijyb, wielding a +0 dagger, wearing a +0 scale mail of fire resistance and The flame tongue hits Ijyb.
Ijyb appears unharmed.
Ijyb misses you.
You now have 0/13 mp.
You hit Ijyb. The hobgoblin hits you with a +0 club.
* * * LOW HITPOINT WARNING * * *
You take 3 damage, and have 8/28 hp.
You closely miss Ijyb. Ijyb hits you with a +0 dagger.
* * * LOW HITPOINT WARNING * * *
The hobgoblin hits you with a +0 club.
* * * LOW HITPOINT WARNING * * *
You take 6 damage, and have 2/28 hp.
MASSIVE DAMAGE!!
You closely miss Ijyb. Ijyb hits you with a +0 dagger.
You die...

.....#..#.#≈♣♣♣≈≈≈ # .#.#.
...........≈≈≈≈≈≈≈.≈≈P≈♣♣♣#. #.#.
#.#.....#.#♣P≈≈≈≈≈.≈≈≈≈♣♣....#.#.
#.#..#..#.♣♣≈P≈≈≈≈.≈≈≈♣≈ #...<..
#.##'##.#≈≈≈≈≈≈≈≈≈.≈≈≈≈......#.#.
###8.8####≈≈≈≈≈≈P≈.≈≈≈ ...#......
##.....####♣≈≈≈≈≈≈.≈♣ . ......##
#8.....8####≈P♣♣♣g..# ..#.##.#
.........##.....@g..#. .# #. #.#
.........8#............. . ...
..........'.###..##.#.#. # #.#
.........8#...........
.........##.####........
#8.....8###.# ####.###. ##.....##
#.# .# .##8.8## #.# # ..##'## ...


You could see Ijyb and a hobgoblin.

Vanquished Creatures
  An orc wizard (D:3)
  An orc priest (D:3)
  An adder (D:2)
  2 oozes
  2 worms
  6 dart slugs
  A leopard gecko (D:2)
  3 orcs (D:3)
  2 giant cockroaches
  14 goblins
  9 hobgoblins
  2 jackals (D:2)
  9 kobolds
  3 quokkas
  12 bats
  3 frilled lizards
  5 rats
76 creatures vanquished.

Notes
Turn   | Place    | Note
-------+----------+-------------------------------------------
     0 | D:1      | Firecrotchwizard the Deep Elf Fire Elementalist began the
                  | quest for the Orb.
     0 | D:1      | Reached XP level 1. HP: 10/10 MP: 6/6
   314 | D:1      | Reached XP level 2. HP: 15/15 MP: 8/8
   515 | D:1      | Reached skill level 2 in Conjurations
  1039 | D:2      | Reached XP level 3. HP: 16/19 MP: 7/9
  1067 | D:2      | Reached skill level 3 in Stealth
  1423 | D:2      | Learned a level 3 spell: Conjure Flame
  2332 | D:2      | Reached XP level 4. HP: 24/24 MP: 9/11
  2417 | D:2      | Found a white marble altar of Elyvilon.
  2628 | D:3      | Noticed Ijyb
  2895 | D:3      | Reached skill level 3 in Conjurations
  2966 | D:3      | HP: 4/24 [goblin/+0 dagger (3)]
  3475 | D:3      | Reached skill level 4 in Spellcasting
  3485 | D:3      | Reached skill level 4 in Fire Magic
  3751 | D:3      | Reached XP level 5. HP: 26/28 MP: 9/13
  4043 | D:3      | Found a faded altar of an unknown god.
  4380 | D:3      | HP: 5/28 [Ijyb/+0 dagger (3)]
  4380 | D:3      | HP: 2/28 [hobgoblin/+0 club (3)]
  4381 | D:3      | Slain by Ijyb

Vault maps used:
D:1:      lemuel_arrival_behind_the_door_small
D:2:      minmay_door_path, elyvilon_altar_3, minmay_tripent
D:3:      kennysheep_the_goblin_king, chequers_ecumenical_altar_simple,
          first_ration, dk_noncrumbling_4, serial_bayou_lagoon_b

Skill      XL: |  1  2  3  4 |
---------------+-------------+-----
Conjurations   | 2 3 |  3.7
Stealth        | 3 |  3.8
Spellcasting   | 4 |  4.3
Fire Magic     | 4 |  4.1
Dodging        | |  2.4

Action                   |  1- 3 |  4- 6 || total
-------------------------+-------+-------++-------
Melee: Dagger            |    98 |    83 ||   181
 Cast: Flame Tongue      |    48 |    60 ||   108
  Use: Scroll            |     2 |       ||     2
 Stab: Sleeping          |     6 |     1 ||     7
       Distracted        |       |     1 ||     1
  Eat: Chunk             |     4 |     7 ||    11
Armor: Robe              |    30 |    20 ||    50
Dodge: Dodged            |    85 |    95 ||   180

Table legend:
 A = Non-vault XP
 B = Vault XP
 C = Vault XP percentage of total XP
 D = Non-vault monster count
 E = Vault monster count
 F = Vault count percentage of total count
                 A         B        C        D         E       F
            +---------+---------+-------+---------+---------+-------
      Total |     237 |      17 |   6.7 |      67 |       9 |  11.8
            +---------+---------+-------+---------+---------+-------
        D:1 |      28 |       0 |   0.0 |      12 |       0 |   0.0
        D:2 |      67 |       6 |   8.2 |      28 |       3 |   9.7
        D:3 |     142 |      11 |   7.2 |      27 |       6 |  18.2
            +---------+---------+-------+---------+---------+-------

Vault maps used:
D:1:      lemuel_arrival_behind_the_door_small
D:2:      minmay_door_path, elyvilon_altar_3, minmay_tripent
D:3:      kennysheep_the_goblin_king, chequers_ecumenical_altar_simple,
          first_ration, dk_noncrumbling_4, serial_bayou_lagoon_b

Table legend:
 A = Turns spent in this place as a percentage of turns spent in the entire game.
 B = Non-inter-level travel turns spent in this place as a percentage of non-inter-level travel turns spent in the entire game.
 C = Inter-level travel turns spent in this place as a percentage of turns spent in this place.
 D = Turns resting spent in this place as a percentage of non-inter-level travel turns spent in this place.
 E = Turns spent auto-exploring this place as a percentage of non-inter-level travel turns spent in this place.
 F = Non-inter-level travel turns spent in this place divided by the number of levels of this place that you've seen.
                   A       B       C       D       E      F
               +-------+-------+-------+-------+-------+----------------------
         Total | 100.0 | 100.0 |   2.3 |  48.0 |  35.5 | 1427.3
       Dungeon | 100.0 | 100.0 |   2.3 |  48.0 |  35.5 | 1427.3
               +-------+-------+-------+-------+-------+----------------------

Table legend:
 A = Kills in this place as a percentage of kills in entire the game.
 B = Kills by you in this place as a percentage of kills by you in the entire game.
 C = Kills by friends in this place as a percentage of kills by friends in the entire game.
 D = Other kills in this place as a percentage of other kills in the entire game.
 E = Experience gained in this place as a percentage of experience gained in the entire game.
 F = Experience gained in this place divided by the number of levels of this place that you have seen.
                   A       B       C       D       E      F
               +-------+-------+-------+-------+-------+----------------------
         Total | 100.0 | 100.0 |   N/A |   N/A | 100.0 |  84.7
       Dungeon | 100.0 | 100.0 |   N/A |   N/A | 100.0 |  84.7
               +-------+-------+-------+-------+-------+----------------------
